 Dungeon Crawl Stone Soup version 0.32-a0-22-g6ae6769602 (webtiles) character file.

Game seed: 4708326885469594789

80 jasper the Cudgeller (level 4, -2/35 HPs)
             Began as a Mummy Berserker on Jan 18, 2024.
             Was a Believer of Trog.
             Slain by an iguana (6 damage)
             ... on level 3 of the Dungeon.
             The game lasted 00:04:01 (1236 turns).

jasper the Cudgeller (Mummy Berserker)              Turns: 1236, Time: 00:04:02

Health: -2/35      AC:  8    Str: 22    XL:     4   Next: 18%
Magic:  0/4        EV:  8    Int:  6    God:    Trog [**....]
Gold:   85         SH:  0    Dex: 11    Spells: 3/3 levels left

rFire   . . .        a - +0 mace
rCold   . . .        (no shield)
rNeg    + + +        i - +0 chain mail
rPois   ∞            (no helmet)
rElec   .            (no cloak)
rCorr   .            (no gloves)
SInv    .            (no boots)
Will    ++...        m - amulet of guardian spirit Stlth
                     e - ring of fire
HPRegen 1.25/turn    (no ring)
MPRegen 0.09/turn

%: guardian spirit, faith
@: strong-willed, regenerating
A: cold resistance 1, negative energy resistance 3, torment resistance 2, heat
vulnerability 1, in touch with death 1, no potions, faith
a: Renounce Religion, Trog's Hand


You were on level 3 of the Dungeon.
You worshipped Trog.
Trog was pleased with you.
You visited 1 branch of the dungeon, and saw 3 of its levels.

You collected 85 gold pieces.

Inventory:

Hand Weapons
 a - a +0 mace (weapon)
 f - a +0 whip
Missiles
 d - 20 stones (quivered)
Armour
 b - a +0 animal skin
 i - a +0 chain mail (worn)
Jewellery
 e - a ring of fire (left hand)
 m - an amulet of guardian spirit (around neck)
Scrolls
 c - 4 scrolls of amnesia {unknown}
 g - a scroll of enchant weapon {unknown}
 h - a scroll of enchant armour {unknown}
 j - 2 scrolls of immolation {unknown}
 k - 3 scrolls of identify {unknown}
 l - a scroll of poison {unknown}
 n - a scroll of fog {unknown}
 o - a scroll of teleportation {unknown}


   Skills:
 - Level 3.0 Fighting
 * Level 4.1 Maces & Flails
 - Level 1.6 Armour
 - Level 1.5 Dodging


You had 3 spell levels left.
You didn't know any spells.
Your spell library was empty.

Dungeon Overview and Level Annotations

Branches:
Dungeon (3/15)

Altars:
Okawaru
Uskayaw

Annotations:
D:2 Natasha, Sigmund


Innate Abilities, Weirdness & Mutations

You are immune to poison.
Your flesh is cold resistant. (rC+)
You are immune to negative energy. (rN+++)
You are immune to unholy pain and torment.
You are vulnerable to heat. (rF-)
You are in touch with the powers of death.
You do not drink.
You have a special connection with the divine. (Faith)


Message History

Things that are here:
a +0 short sword; a kobold corpse
Found 2 yellow potions.
Found a ring mail.
An iguana comes into view.
The iguana hisses angrily.
The iguana moves out of view.
A rat comes into view.
The rat squeaks loudly.
The iguana bites you but does no damage.
You hit the iguana but do no damage. The iguana bites you.
You now have 3/4 mp.
You hit the iguana but do no damage. The iguana bites you!
You take 7 damage, and have 28/35 hp.
You now have 2/4 mp.
You closely miss the iguana. The iguana bites you.
You take 1 damage, and have 27/35 hp.
You hit the iguana but do no damage.
The iguana bites you but does no damage.
The iguana bites you!
You take 9 damage, and have 18/35 hp.
MASSIVE DAMAGE!!
You now have 1/4 mp.
You barely miss the iguana. The iguana bites you!
* * * LOW HITPOINT WARNING * * *
You take 11 damage, and have 7/35 hp.
MASSIVE DAMAGE!!
You now have 0/4 mp.
Your skin crawls.
You feel strong-willed. The iguana bites you.
* * * LOW HITPOINT WARNING * * *
You take 1 damage, and have 6/35 hp.
You hit the iguana but do no damage. The iguana bites you.
* * * LOW HITPOINT WARNING * * *
You take 5 damage, and have 1/35 hp.
Okay, then.
You hit the iguana.
The iguana is lightly wounded.
The iguana closely misses you.
You regained 2 hp, and now have 3/35 hp.
You hit the iguana but do no damage.
The iguana is lightly wounded.
The iguana bites you.
You die...

.[ #.# # #.# #
#..#.# # #.##.#
# #.##.# #
#.##.######.#...
#
#.##....@lr.....
##
#.##.######.....
##. #.#...####
... ####..
#........+ .
+.....
#.#...####
####.. #.##.##
##. #.###### #.
#......# #.
######.# #+# #.


You could see an iguana and a rat.

Vanquished Creatures
  An iguana (D:2)
  2 ribbon worms (D:3)
  A dart slug (D:1)
  3 orcs (D:3)
  2 bats
  3 endoplasms
  2 giant cockroaches
  3 goblins
  3 hobgoblins
  4 jackals (D:2)
  6 kobolds
  2 quokkas
  4 ball pythons
  A frilled lizard (D:2)
  6 rats
43 creatures vanquished.

Notes
Turn   | Place    | Note
-------+----------+-------------------------------------------
     0 | D:1      | jasper the Mummy Berserker began the quest for the Orb.
     0 | D:1      | Reached XP level 1. HP: 18/18 MP: 1/1
   267 | D:1      | Reached XP level 2. HP: 22/24 MP: 2/2
   379 | D:2      | Found an iron altar of Okawaru.
   391 | D:2      | Reached skill level 3 in Maces & Flails
   530 | D:2      | Reached ** piety under Trog
   553 | D:2      | Reached XP level 3. HP: 29/29 MP: 3/3
   670 | D:2      | Noticed Sigmund
   681 | D:2      | Noticed Natasha
   760 | D:3      | Found a hide-covered altar of Uskayaw.
   831 | D:3      | Reached skill level 4 in Maces & Flails
   845 | D:3      | Reached XP level 4. HP: 29/35 MP: 2/4
  1234 | D:3      | HP: 1/35 [iguana (6)]
  1236 | D:3      | Slain by an iguana

Illustrated notes

Levels and vault maps discovered:
D:1:      heliophobic_arrival_enchanted_forest, layout_loops_ring,
          serial_forest, infiniplex_forest_end_2,
          infiniplex_forest_clump_diagonal, infiniplex_forest_corner_1,
          infiniplex_forest_straight_2, infiniplex_forest_straight_5,
          infiniplex_forest_straight_2, infiniplex_forest_lined_3,
          infiniplex_forest_lined_room_3, infiniplex_forest_fountain,
          shapermc_ecumenical_altar_mp_urbaneastern
D:2:      layout_rooms, basic_altar, minmay_pentomino_r4,
          uniq_crazy_yiuf_cottage, uniq_natasha, uniq_sigmund
D:3:      layout_loops_corners, nicolae_uskayaw_suspiria

Skill      XL: |  1  2  3 |
---------------+----------+-----
Maces & Flails | 3 4 |  4.1
Fighting       | |  3.0
Armour         | |  1.6
Dodging        | |  1.5

Action                     |  1- 3 |  4- 6 || total
---------------------------+-------+-------++-------
  Melee: Mace              |   119 |    37 ||   156
 Invoke: Trog's Hand       |       |     1 ||     1
 Armour: Animal skin       |    14 |       ||    14
         Chain mail        |    82 |    35 ||   117
  Dodge: Dodged            |    86 |    19 ||   105

Table legend: (Time is in decaauts)
 A = Elapsed time spent in this place.
 B = Non-inter-level travel time spent in this place.
 C = Inter-level travel time spent in this place.
 D = Time resting spent in this place.
 E = Time spent auto-exploring this place.
 F = Levels seen in this place.
 G = Mean time per level.
                   A        B        C        D        E       F      G
               +--------+--------+--------+--------+--------+-----+--------+
         Total |   1270 |   1258 |     12 |    138 |    640 |   3 |  423.3 |
       Dungeon |   1270 |   1258 |     12 |    138 |    640 |   3 |  423.3 |
               +--------+--------+--------+--------+--------+-----+--------+

Top non-repeatable levels by time:
     D:3: 561 daAuts
     D:1: 433 daAuts
     D:2: 275 daAuts
